 Dungeon Crawl Stone Soup version 0.19-a0-45-g2c295ea (webtiles) character file.

178 Kenran the Slasher (level 5, -2/45 HPs)
             Began as a Draconian Fighter on May 5, 2016.
             Was an Initiate of the Shining One.
             Slain by Pikel
             ... wielding a +0 whip of freezing
              (13 damage)
             ... on level 3 of the Dungeon.
             The game lasted 00:08:03 (4273 turns).

Kenran the Slasher (Draconian Fighter)              Turns: 4273, Time: 00:08:03

Health: -2/45      AC:  6    Str: 19    XL:     5   Next: 32%
Magic:  5/5        EV: 10    Int:  8    God:    the Shining One [......]
Gold:   155        SH:  9    Dex: 11    Spells: 0 memorised, 4 levels left

rFire  . . .     SeeInvis .     a - +0 long sword
rCold  . . .     Gourm    .     (armour unavailable)
rNeg   . . .     Faith    .     b - +0 shield
rPois  .         Spirit   .     (helmet restricted)
rElec  .         Dismiss  .     v - +0 cloak
rCorr  +         Reflect  .     (no gloves)
SustAt .         Harm     .     (no boots)
MR     .....                    (no amulet)
Stlth  +.........               g - +5 ring of slaying
                                e - ring of resist corrosion

@: glowing, not resistant to hostile enchantments, very unstealthy
A: unfitting armour, cold-blooded, AC +5
a: Renounce Religion


You were on level 3 of the Dungeon.
You worshipped the Shining One.
The Shining One was noncommittal.
You were not hungry.

You visited 1 branch of the dungeon, and saw 4 of its levels.

You collected 155 gold pieces.

Inventory:

Hand Weapons
 a - a +0 long sword (weapon)
 r - a +0 falchion
Armour
 b - a +0 shield (worn)
 v - a +0 cloak (worn)
Jewellery
 e - a ring of resist corrosion (left hand)
 g - a +5 ring of slaying (right hand)
 u - an uncursed ring of protection from fire {unknown}
Scrolls
 f - 2 scrolls of teleportation {unknown}
 i - 5 scrolls of identify {unknown}
 j - a scroll of remove curse {unknown}
 o - a scroll of enchant weapon {unknown}
 p - a scroll of amnesia {unknown}
 s - a scroll of magic mapping {unknown}
Potions
 c - 2 potions of might
 h - a potion of heal wounds {unknown}
 l - a potion of berserk rage {unknown}
 m - a potion of flight {unknown}
 q - a potion of agility {unknown}
Comestibles
 d - 3 bread rations
 k - 2 beef jerkies
 n - a meat ration
 t - a chunk of flesh


   Skills:
 - Level 3.2 Fighting
 + Level 5.6 Long Blades
 - Level 2.6 Dodging
 - Level 3.0 Shields


You had 4 spell levels left.
You didn't know any spells.

Dungeon Overview and Level Annotations

Branches:
Dungeon (4/15)
 Temple: D:4-7

Altars:
Makhleb
Trog
Xom
The Shining One

Annotations:
D:3 Pikel; Sigmund
D:4 CyborgNinja's ghost, novice OpTm


Innate Abilities, Weirdness & Mutations

Your plain brown scales are hard (AC +5).
Your body does not fit into most forms of armour.
You are cold-blooded and may be slowed by cold attacks.


Message History

You hit Pikel.
Pikel is heavily wounded.
Pikel hits you with a whip of freezing!
You feel yourself slow down. Pikel freezes you.
Okay, then.
Your shield prevents you from hitting Pikel.
Pikel is heavily wounded.
Pikel hits you with a whip of freezing.
* * * LOW HITPOINT WARNING * * *
Pikel freezes you.
* * * LOW HITPOINT WARNING * * *
Pikel hits you but does no damage.
You barely miss Pikel.
Pikel is heavily wounded.
You feel yourself speed up. Pikel closely misses you.
You hit Pikel.
Pikel is heavily wounded.
Pikel hits you with a whip of freezing!
You die...

#.......#......###.......#
#.#
#.......#........#.#####.#
#.# #.......#.......<#.#
#)# #.#
....#####.#+#..#.#.# #.#
#.# ....#
#.#.#....#.#####.# #.#
....# #.#.#.รท###.#..##.#
#.# ....# #.#.#..#
#.#..##.# #.# ...##
##.#.##.###.#..##.# #.#
###### #........@K>[..##.#
#.# .....#
#..#.#########.##.# #.#
####.###..#...........##.#
#.#
...#(#.......###########.#
#.# ...#.#.......# #.# #.#
####.#.......# #.# #)#
............## #.####.##
########....# #.......#
..........### #########


You could see Pikel.

Vanquished Creatures
  A slave (D:3)
  A worker ant (D:3)
  3 gnolls
  2 adders
  2 worms
  2 dart slugs (D:1)
  4 giant geckos
  6 orcs (D:3)
  11 bats
  3 giant cockroaches
  11 goblins
  11 hobgoblins
  4 jackals (D:2)
  2 quokkas
  4 giant newts
  9 kobolds
  8 rats
84 creatures vanquished.

Notes
Turn   | Place    | Note
--------------------------------------------------------------
     0 | D:1      | Kenran the Draconian Fighter began the quest for the Orb.
     0 | D:1      | Reached XP level 1. HP: 19/19 MP: 1/1
   155 | D:1      | Reached XP level 2. HP: 10/26 MP: 2/2
   430 | D:1      | Reached skill level 3 in Long Blades
   942 | D:1      | Reached XP level 3. HP: 20/31 MP: 3/3
  1158 | D:1      | You fall through a shaft!
  1377 | D:2      | Found a glowing golden altar of the Shining One.
  1388 | D:2      | Became a worshipper of the Shining One
  1483 | D:2      | Reached skill level 4 in Long Blades
  1997 | D:2      | Reached XP level 4. HP: 38/38 MP: 4/4
  2254 | D:3      | Noticed Sigmund
  2386 | D:4      | Reached skill level 5 in Long Blades
  2460 | D:4      | Noticed CyborgNinja's ghost (novice OpTm)
  3085 | D:3      | Reached XP level 5. HP: 45/45 MP: 5/5
  3632 | D:3      | Found a burning altar of Makhleb.
  3635 | D:3      | Found a bloodstained altar of Trog.
  3638 | D:3      | Found a shimmering altar of Xom.
  4191 | D:4      | Noticed a slave
  4193 | D:4      | Noticed a slave
  4194 | D:4      | Noticed Pikel
  4195 | D:4      | Noticed a slave
  4198 | D:3      | Killed a slave
  4263 | D:4      | Noticed a slave
  4273 | D:3      | Slain by Pikel

Vault maps used:
D:1:      erik_arrival_cave_to_civilisation, minmay_misc_feat_columns
D:2:      nicolae_tso_carved_into_rock
D:3:      wad_lake_hut, grunt_temple_overflow_diamond, uniq_sigmund
D:4:      marbit_many_paths, led_sif_pool, nicolae_dithmenos_shadow_blocks,
          minmay_hollow_rounded_squares, uniq_pikel

Skill      XL: |  1  2  3  4 |
---------------+-------------+-----
Long Blades    | 3 4 5 |  5.6
Fighting       | |  3.2
Dodging        | |  2.6
Shields        | |  3.0

Action                   |  1- 3 |  4- 6 || total
-------------------------+-------+-------++-------
Melee: Long sword        |   154 |   101 ||   255
       Tailslap          |    16 |    14 ||    30
  Eat: Chunk             |     3 |     6 ||     9
       Royal jelly       |       |     1 ||     1
Armor: Skin              |    62 |    30 ||    92
Dodge: Dodged            |    83 |    35 ||   118
Block: Shield            |   123 |    44 ||   167
